 Dungeon Crawl Stone Soup version 0.24-a0-182-gc7eaa07895 (webtiles) character file.

Game seed: 4596975598282112630

5372 MrRokkomies the Thrower (level 10, -17/84 HPs)
             Began as a Ghoul Hunter on Mar 15, 2019.
             Was a Believer of Nemelex Xobeh.
             Demolished by Gastronok (29 damage)
             ... on level 8 of the Dungeon.
             The game lasted 00:33:53 (8719 turns).

MrRokkomies the Thrower (Ghoul Hunter)              Turns: 8719, Time: 00:33:54

Health: -17/84     AC: 12    Str: 17    XL:     10   Next: 66%
Magic:  13/13      EV:  7    Int:  6    God:    Nemelex Xobeh [**....]
Gold:   465        SH:  0    Dex: 12    Spells: 9/9 levels left

rFire    . . .     SeeInvis .     - Unarmed
rCold    + . .     Gourm    .   (no shield)
rNeg     + + +     Faith    .   w - +0 chain mail
rPois    ∞         Spirit   .   t - +0 helmet
rElec    .         Reflect  .   u - +0 cloak {+Inv}
rCorr    .         Harm     .   (no gloves)
MR       .....                  (no boots)
Stlth    ..........             (no amulet)
HPRegen  0.00/turn              (no ring)
MPRegen  0.13/turn              (no ring)

@: rotting
A: rotting body, claws 1, carnivore, cold resistance 1, negative energy
resistance 3, inhibited regeneration, torment resistance, unbreathing
a: Draw Escape, Draw Destruction, Draw Summoning, Renounce Religion, Evoke
Invisibility


You were on level 8 of the Dungeon.
You worshipped Nemelex Xobeh.
Nemelex Xobeh was pleased with you.
You were not hungry.

You visited 2 branches of the dungeon, and saw 9 of its levels.
You also visited: Sewer.

You collected 465 gold pieces.

Inventory:

Missiles
 a - 188 stones (quivered)
 d - 4 throwing nets
Armour
 t - a +0 helmet (worn)
 u - a +0 cloak of invisibility (worn)
 w - a +0 chain mail (worn)
Wands
 g - a wand of acid (4)
 j - a wand of polymorph (6)
Scrolls
 b - 4 scrolls of teleportation
 m - 2 scrolls of identify
 n - a scroll of remove curse
Potions
 h - 6 potions of curing
 o - a potion of magic
 p - a potion of invisibility
 q - 4 potions of flight
Comestibles
 f - 18 rations


   Skills:
 * Level 6.8 Fighting
 - Level 10.0 Throwing
 * Level 5.2 Armour
 - Level 1.7 Dodging
 - Level 1.1 Stealth
 - Level 6.0 Unarmed Combat
 - Level 5.4 Evocations


You had 9 spell levels left.
You didn't know any spells.
Your spell library contained the following spells:

 Spells                   Type           Power        Failure   Level  Hunger
 Sting                    Conj/Pois      #...         100%        1    ##.....
 Poisonous Vapours        Pois/Air       #.....       100%        2    ###....
 Mephitic Cloud           Conj/Pois/Air  #.......     100%        3    ####...
 Olgreb's Toxic Radiance  Pois           #.......     100%        4    #####..
 Venom Bolt               Conj/Pois      #.........   100%        5    ######.


Dungeon Overview and Level Annotations

Branches:
Dungeon (8/15)             Temple (1/1) D:4
   Lair: D:8-11

Altars:
Ashenzari
Dithmenos
Elyvilon
Fedhas
Gozag
Hepliaklqana
Kikubaaqudgha
Makhleb
Nemelex Xobeh
Okawaru
Qazlal
Ru
Sif Muna
Trog
Uskayaw
Vehumet
Wu Jian
Xom
Yredelemnul
Zin
The Shining One

Annotations:
D:4 3 runed translucent doors, iamserjio's ghost, amateur OpWn
D:5 1 runed translucent door, KARABOGA's ghost, novice TrSk
D:8 Gastronok; Maurice


Innate Abilities, Weirdness & Mutations

Your body is rotting away.
You thrive on raw meat.
You are immune to poison.
You have sharp fingernails.
You are carnivorous and can eat meat at any time.
Your flesh is cold resistant. (rC+)
You are immune to negative energy. (rN+++)
You do not regenerate when monsters are visible.
You are immune to unholy pain and torment.
You can survive without breathing.


Message History

The river rat bites you but does no damage.
Gastronok bites you. The river rat closely misses you.
You claw Gastronok!
Gastronok is heavily wounded.
The river rat bites you!
Your chain mail prevents you from hitting Gastronok.
You claw Gastronok!
Gastronok is heavily wounded.
The river rat bites you. Gastronok bites you!!
* * * LOW HITPOINT WARNING * * *
The river rat bites you but does no damage.
You scratch Gastronok.
Gastronok is severely wounded.
The river rat barely misses you. The river rat closely misses you.
You scratch Gastronok.
Gastronok is severely wounded.
The river rat bites you but does no damage.
Gastronok bites you!!
You die...
Your body glows slightly and disappears.

............... ##
#............... #.
#....$.......... #.
#...........(... #.
#..........(.... #.
#.........(..... ##
#........w.....#
#.....>r@......#
#.......r......#
#..............#
#..............#
#..............######
######...............
# #............... #
#............... #
#............... #


You could see Gastronok and 2 river rats.

Vanquished Creatures
  Harold (D:8)
  Pikel (D:6)
  Joseph (D:8)
  2 hippogriffs (D:7)
  Sigmund (D:4)
  4 hogs (D:8)
  A human (D:8)
  A black bear (D:5)
  3 ice beasts
  A phantom (D:5)
  2 ogres (D:7)
  3 centaurs
  A big kobold (Sewer)
  3 bullfrogs
  A water moccasin skeleton (D:7)
  A scorpion (D:4)
  4 killer bees (D:8)
  A howler monkey (D:5)
  A crimson imp (D:7)
  3 bullfrog zombies (D:5)
  Crazy Yiuf (D:4)
  4 hounds
  A jelly (D:7)
  4 orc priests
  A centaur skeleton (D:6)
  7 orc wizards
  A bullfrog skeleton (D:5)
  3 iguanas
  Jessica (D:3)
  7 worker ants
  A hound zombie (D:5)
  A hound skeleton (D:6)
  8 gnolls (D:4)
  6 adders
  A river rat (Sewer)
  A shadow imp (D:7)
  A white imp (D:8)
  2 adder skeletons
  4 worms
  2 dart slugs (D:1)
  6 leopard geckos
  24 orcs
  2 ball pythons
  6 giant cockroaches
  5 hobgoblins
  6 jackals
  9 kobolds
  4 quokkas
  5 bats
  6 frilled lizards
  5 goblins
  4 hobgoblin zombies (D:8)
  A jackal zombie (D:5)
  3 kobold skeletons (D:8)
  A kobold zombie (D:8)
  2 orc skeletons (D:8)
  A quokka skeleton (D:6)
  9 rats
192 creatures vanquished.

Notes
Turn   | Place    | Note
-------+----------+-------------------------------------------
     0 | D:1      | MrRokkomies the Ghoul Hunter began the quest for the Orb.
     0 | D:1      | Reached XP level 1. HP: 17/17 MP: 0/0
   317 | D:1      | Reached skill level 1 in Unarmed Combat
   331 | D:1      | Reached XP level 2. HP: 19/23 MP: 1/1
   568 | D:1      | Reached skill level 4 in Throwing
   953 | D:2      | Reached XP level 3. HP: 28/28 MP: 2/2
  1216 | D:2      | Found an opulent altar of Gozag.
  1441 | D:3      | Noticed Jessica
  1448 | D:3      | Killed Jessica
  1448 | D:3      | Reached XP level 4. HP: 36/36 MP: 3/3
  2337 | D:4      | Found a runed translucent gate.
  2337 | D:4      | Found a runed translucent gate.
  2337 | D:4      | Found a runed translucent gate.
  2337 | D:4      | Noticed iamserjio's ghost (amateur OpWn)
  2386 | D:4      | Reached XP level 5. HP: 23/41 MP: 4/4
  2451 | D:4      | Found a glowing drain.
  2465 | D:4      | Reached skill level 5 in Throwing
  2480 | Sewer    | Entered a sewer
  2710 | Sewer    | Noticed a big kobold
  2735 | Sewer    | Killed a big kobold
  2735 | Sewer    | Reached XP level 6. HP: 23/46 MP: 5/5
  2790 | Sewer    | Found a white marble altar of Elyvilon.
  2920 | D:4      | Noticed Sigmund
  2990 | D:4      | Killed Sigmund
  2990 | D:4      | Reached skill level 6 in Throwing
  2990 | D:4      | Reached skill level 5 in Unarmed Combat
  2990 | D:4      | Reached XP level 7. HP: 40/55 MP: 6/6
  3055 | D:4      | Found a hazy altar of Hepliaklqana.
  3068 | D:4      | Found an ornate altar of the Wu Jian Council.
  3133 | D:4      | Found a runed translucent door.
  3134 | D:4      | Noticed Crazy Yiuf
  3903 | D:4      | Found a staircase to the Ecumenical Temple.
  3912 | Temple   | Entered the Ecumenical Temple
  4118 | Temple   | Became a worshipper of Nemelex Xobeh the Trickster
  4258 | D:4      | Killed Crazy Yiuf
  4364 | D:5      | Entered Level 5 of the Dungeon
  4426 | D:5      | Reached skill level 1 in Evocations
  4480 | D:5      | Reached XP level 8. HP: 43/60 MP: 8/8
  4589 | D:5      | Reached skill level 7 in Throwing
  4633 | D:5      | Received a gift from Nemelex Xobeh
  4729 | D:5      | Found a runed translucent door.
  4743 | D:5      | Noticed KARABOGA's ghost (novice TrSk)
  4798 | D:5      | Found an iron altar of Okawaru.
  5999 | D:6      | Noticed Pikel
  6026 | D:6      | Killed Pikel
  6026 | D:6      | Reached skill level 8 in Throwing
  6026 | D:6      | Reached skill level 5 in Evocations
  6026 | D:6      | Reached XP level 9. HP: 32/67 MP: 10/12
  6089 | D:6      | Reached * piety under Nemelex Xobeh
  6308 | D:6      | Found a radiant altar of Vehumet.
  6496 | D:7      | Received a gift from Nemelex Xobeh
  6538 | D:7      | Reached skill level 9 in Throwing
  6780 | D:7      | Found a burning altar of Makhleb.
  7015 | D:7      | Reached skill level 10 in Throwing
  7326 | D:7      | Reached skill level 1 in Armour
  7692 | D:8      | Reached XP level 10. HP: 68/78 MP: 10/13
  7742 | D:8      | Reached ** piety under Nemelex Xobeh
  7786 | D:8      | Noticed Harold
  7825 | D:8      | Killed Harold
  7825 | D:8      | Reached skill level 5 in Fighting
  7978 | D:8      | Found a glowing golden altar of the Shining One.
  8046 | D:8      | Received a gift from Nemelex Xobeh
  8089 | D:8      | Noticed Maurice
  8525 | D:8      | Noticed Joseph
  8554 | D:8      | Killed Joseph
  8554 | D:8      | Reached skill level 5 in Armour
  8699 | D:8      | Noticed Gastronok
  8719 | D:8      | Demolished by Gastronok

Levels and vault maps discovered:
D:1:      dpeg_arrival_water_fire, layout_basic
D:2:      layout_rooms, nicolae_gozag_seed_capital
D:3:      mumra_celtic_spiral_tile, layout_basic, first_ration, uniq_jessica
D:4:      layout_basic, minitemple, minmay_temple_entry_butterflies,
          cheibrodos_sewer_entry_drain, gammafunk_ghost_necromancy,
          uniq_sigmund, uniq_crazy_yiuf_cottage
D:5:      layout_basic, kennysheep_okawaru_gauntlet,
          ebering_ghost_reflecting_pool, lemuel_flame_loot_1
D:6:      layout_loops_ring, kennysheep_little_box, uniq_pikel
D:7:      lemuel_ice_spiral_2, layout_basic, lemuel_doored_altar, serial_glass,
          glass_columns_b, glass_columns_c
D:8:      layout_gridville, nicolae_tso_besieged_by_evil, lair_entry_dummy,
          grunt_livestock, uniq_joseph, uniq_harold, uniq_maurice,
          uniq_gastronok
Temple:   dpeg_chambers_temple
Sewer:    sewer_kobolds

Skill      XL: |  1  2  3  4  5  6  7  8  9 10 |
---------------+-------------------------------+-----
Unarmed Combat | 1 2 3 4 5 6 |  6.0
Throwing       | 4 5 6 8 10 | 10.0
Evocations     | 2 5 |  5.4
Armour         | 2 5 |  5.2
Fighting       | 3 6 |  6.8
Dodging        | |  1.7
Stealth        | |  1.1

Action                   |  1- 3 |  4- 6 |  7- 9 | 10-12 || total
-------------------------+-------+-------+-------+-------++-------
Melee: Unarmed           |   152 |   192 |   391 |   216 ||   951
       Punch             |     2 |     7 |    11 |     4 ||    24
Throw: Stone             |    19 |     2 |    31 |    10 ||    62
       Javelin           |     3 |       |     6 |     6 ||    15
       Tomahawk          |       |       |    57 |    18 ||    75
       Throwing net      |       |       |     2 |     1 ||     3
 Abil: Evoke Invisibilit |       |       |     1 |       ||     1
       Draw Summoning    |       |       |       |     1 ||     1
Evoke: Wand              |       |     3 |     2 |     1 ||     6
  Use: Scroll            |     5 |     9 |     9 |     1 ||    24
       Potion            |       |     3 |     2 |     3 ||     8
 Stab: Invisible         |       |       |     2 |     5 ||     7
       Held in net/web   |       |       |       |     3 ||     3
  Eat: Chunk             |    10 |    23 |    29 |    18 ||    80
Armor: Leather armour    |    25 |       |       |       ||    25
       Scale mail        |    33 |   123 |    12 |       ||   168
       Ring mail         |       |       |    56 |       ||    56
       Chain mail        |       |       |   137 |   127 ||   264
Dodge: Dodged            |    88 |   114 |   211 |    92 ||   505

Table legend:
 A = Non-vault XP
 B = Vault XP
 C = Vault XP percentage of total XP
 D = Non-vault monster count
 E = Vault monster count
 F = Vault count percentage of total count
                 A         B        C        D         E       F
            +---------+---------+-------+---------+---------+-------
      Total |    4122 |    3553 |  46.3 |     155 |      37 |  19.3
            +---------+---------+-------+---------+---------+-------
        D:1 |      31 |       0 |   0.0 |      19 |       0 |   0.0
        D:2 |      44 |       0 |   0.0 |      15 |       0 |   0.0
        D:3 |      20 |      37 |  64.9 |      10 |       1 |   9.1
        D:4 |     393 |     275 |  41.2 |      29 |       5 |  14.7
        D:5 |    1086 |       4 |   0.4 |      26 |       2 |   7.1
        D:6 |     116 |     727 |  86.2 |       8 |       1 |  11.1
        D:7 |    1737 |       0 |   0.0 |      30 |       0 |   0.0
        D:8 |     695 |    2384 |  77.4 |      18 |      18 |  50.0
      Sewer |       0 |     126 | 100.0 |       0 |      10 | 100.0
            +---------+---------+-------+---------+---------+-------
